Map: Ascension to Aiur LE

Players

EEEEEEEEE

  • Race: Terran Terran
  • League: Diamond
  • Spawn Location: 5:00

HEMORRHOIDS - Winner!

  • Race: Protoss Protoss
  • League: Diamond
  • Spawn Location: 11:00

VOD

Have the link to the VOD?

Description

Time

  • Played on: Dec. 13, 2017, 11:58 p.m.
  • Length: 12:55
Show
View Real Time Build Order
Export as new Build Order

EEEEEEEEE Terran 

Build Orders: Command Center First (CC) 

Get SALT Encoding   

  12  0:00  SCV  
  13  0:13  SCV  
  14  0:17  Supply Depot  
  14  0:25  SCV  
  15  0:39  SCV  
  16  0:53  SCV  
  17  1:05  Command Center  
  17  1:22  Barracks  
  17  1:32  Barracks  
  17  2:11  Marine  
  18  2:21  Marine  
  19  2:29  Bunker  
  19  2:32  Marine  
  19  2:36  SCV  
  21  2:40  Marine  
  22  2:52  Orbital Command  
  22  3:02  Marine  
  23  3:08  Supply Depot  
  23  3:29  Marine, SCV  
  25  3:35  Command Center  
  25  3:42  SCV  
  26  3:59  SCV  
  27  4:04  Command Center  
  27  4:08  Refinery  
  27  4:13  Refinery  
  27  4:26  SCV  
  27  4:28  Marine x2  
  30  4:41  SCV  
  30  4:44  Supply Depot  
  31  4:48  Marine  
  31  4:49  Marine  
  33  4:53  Orbital Command  
  33  4:54  SCV, Engineering Bay  
  34  5:08  Barracks Tech Lab  
  34  5:09  Barracks Reactor  
  34  5:18  Factory  
  34  5:21  Orbital Command  
  34  5:24  SCV  
  35  5:34  Missile Turret  
  35  5:36  Combat Shields  
  35  5:44  Marauder  
  35  5:47  SCV  
  35  5:48  SCV  
  39  5:51  SCV  
  40  6:04  Missile Turret  
  40  6:06  Starport  
  40  6:08  Marine  
  40  6:09  Marine  
  40  6:11  Missile Turret  
  42  6:13  Marauder  
  42  6:14  SCV  
  42  6:16  SCV  
  42  6:18  SCV  
  47  6:30  Bunker  
  47  6:31  Marine x2  
  50  6:41  Marine  
  50  6:45  Widow Mine  
  50  6:49  Marine  
  50  6:53  Viking  
  51  6:58  Marine  
  51  6:59  Marine  
  51  7:18  Widow Mine  
  51  7:32  Viking  
  53  7:38  Barracks  
  53  7:40  Barracks  
  47  7:52  Marine x3  
  49  8:09  Marine, Starport  
  49  8:10  Marine x2  
  49  8:11  Starport  
  51  8:14  Starport  
  47  8:33  Marine  
  47  8:34  Marine x2  
  45  8:51  Marine x2  
  45  8:53  Marine  
  46  9:00  Widow Mine  
  46  9:01  Viking  
  48  9:06  Refinery x2  
  46  9:20  Marine x3  
  47  9:31  Marine  
  41  9:35  Viking x3  
  38  9:59  Marine  
  36  10:08  Viking x3  
  36  10:09  SCV  
  41  10:17  Reaper  
  41  10:21  SCV  
  42  10:40  Viking x2  
  46  10:45  Supply Depot  
  44  10:54  Orbital Command  
  44  11:06  Viking  
  44  11:10  Viking  
  48  11:17  Viking  
  47  11:19  SCV  
  48  11:36  Viking  
  51  11:47  Viking  
  51  11:53  Orbital Command  
Show
View Real Time Build Order
Export as new Build Order

HEMORRHOIDS Protoss - Winner!

Build Orders:  

Get SALT Encoding   

  12  0:00  Probe  
  13  0:12  Probe  
  14  0:17  Pylon  
  14  0:25  Probe  
  15  0:37  Forge  
  15  0:39  Probe (Chrono Boost)  
  17  0:50  Probe (Chrono Boost)  
  17  1:04  Pylon  
  17  1:06  Pylon  
  17  1:07  Pylon  
  17  1:22  Photon Cannon  
  17  1:25  Pylon  
  17  1:39  Photon Cannon  
  15  2:23  Probe  
  15  2:26  Assimilator  
  15  2:29  Assimilator  
  16  2:30  Gateway  
  16  2:35  Probe  
  17  2:47  Probe (Chrono Boost)  
  19  2:59  Probe (Chrono Boost)  
  19  3:04  Probe (Chrono Boost)  
  20  3:13  Probe  
  21  3:22  Pylon  
  21  3:25  Probe  
  21  3:35  Cybernetics Core  
  21  3:37  Probe  
  21  3:39  Photon Cannon  
  22  3:43  Photon Cannon  
  22  3:50  Probe  
  22  3:54  Pylon  
  23  4:08  Pylon  
  23  4:12  Probe, Stargate  
  23  4:13  Stargate  
  24  4:24  Probe  
  25  4:26  Pylon  
  25  4:57  Fleet Beacon  
  25  5:08  Nexus  
  25  5:22  Pylon  
  25  5:40  Tempest x2 (Chrono Boost)  
  37  5:45  Shield Battery  
  37  5:48  Shield Battery  
  37  5:52  Shield Battery  
  37  6:02  Pylon  
  37  6:12  Photon Cannon  
  37  6:17  Photon Cannon  
  37  6:29  Tempest  
  43  6:49  Photon Cannon  
  43  6:52  Shield Battery  
  43  7:09  Tempest  
  49  7:27  Shield Battery  
  49  7:57  Shield Battery  
  49  7:59  Tempest  
  55  8:14  Tempest  
  61  8:46  Tempest  
  66  9:47  Tempest  
  72  10:06  Tempest  
  78  10:22  Photon Cannon  
  78  10:46  Assimilator  
  78  10:51  Assimilator  
  78  10:53  Pylon  
  78  11:11  Phoenix, Probe  
  81  11:21  Stargate  
  81  11:23  Probe  
  82  11:35  Probe  
  77  11:41  Pylon  
  77  11:47  Probe  
  78  11:59  Phoenix x2, Probe  
  78  12:00  Shield Battery  
  83  12:02  Shield Battery  
  83  12:07  Shield Battery  
  83  12:13  Shield Battery  
Tags
 
Add a new tag
Caveats
  • Supply blocks, unpowered buildings, or Contaminate may cause inaccurate times.
  • Supply counts are checked every 10 seconds.